 Dungeon Crawl Stone Soup version 0.28-a0-536-g4f1c8046e5 (webtiles) character file.

Game seed: 5935148212928088427

20783 omil the Tainter (level 12, -1/91 HPs)
             Began as a Red Draconian Venom Mage on Sept 27, 2021.
             Was a Believer of Ashenzari.
             Slain by a torpor snail (9 damage)
             ... on level 3 of the Lair of Beasts.
             The game lasted 01:24:38 (16343 turns).

omil the Tainter (Red Draconian Venom Mage)        Turns: 16343, Time: 01:24:39

Health: -1/91      AC: 15    Str: 12    XL:     12   Next: 48%
Magic:  19/25      EV: 16    Int: 27    God:    Ashenzari [**....]
Gold:   136        SH:  7    Dex: 13    Spells: 16/30 levels left

rFire   + . .      SeeInvis +   b - +6 club (spect)
rCold   + . .      Faith    .   f - +2 buckler of the Profound God {rC+, Cun, Bglg} (curse)
rNeg    . . .      Spirit   .   (armour unavailable)
rPois   .          Reflect  .   (helmet restricted)
rElec   .          Harm     .   E - +0 cloak
rCorr   .          Rampage  .   A - +2 pair of gloves
Will    ++...                   u - +2 pair of boots of Ashenzari's Repose {Stlth+, Alch, Fort} (curse)
Stlth   +++++.....              k - amulet of magic regeneration
HPRegen 0.25/turn               H - ring of the Mage {Wiz Will++ Int+3, Cun, Bglg} (curse)
MPRegen 0.44/turn               F - +6 ring of intelligence

@: short of breath, radiating poison, slowed, very slow
A: breathe fire, AC +8, unfitting armour, fire resistance 1, cold-blooded
a: Breathe Fire, Renounce Religion, Shatter the Chains


You were on level 3 of the Lair of Beasts.
You worshipped Ashenzari.
Ashenzari was pleased with you.
You visited 3 branches of the dungeon, and saw 14 of its levels.

You collected 756 gold pieces.
You spent 620 gold pieces at shops.

Inventory:

Hand Weapons
 b - a +6 spectral club (weapon)
 e - a +2 vampiric whip
Missiles
 l - a throwing net
Armour
 f - the cursed +2 buckler of the Profound God (worn) {rC+, Cun, Bglg}
   (You acquired it in the Ecumenical Temple)

   It has a curse which improves the following skills: Cunning: Dodging and
   Stealth.
   Beguiling: Conjurations, Hexes and Translocations.
 u - the cursed +2 pair of boots of Ashenzari's Repose (worn) {Stlth+, Alch, Fort}
   (You found it on level 6 of the Dungeon)

   It has a curse which improves the following skills: Alchemy: Poison Magic and
   Transmutations.
   Fortitude: Shields.
 A - a +2 pair of gloves (worn)
 E - a +0 cloak (worn)
Magical Staves
 n - a staff of fire
Jewellery
 c - a ring of fire
 k - an amulet of magic regeneration (around neck)
 t - a +6 ring of strength
 x - a ring of fire
 F - a +6 ring of intelligence (right hand)
 G - a ring of resist corrosion
 H - the cursed ring of the Mage (left hand) {Wiz Will++ Int+3, Cun, Bglg}
   (You bought it in a shop on level 10 of the Dungeon)

   [ring of wizardry]

   It improves your spell success rate.
   Int:       It affects your intelligence (+3).
   Will:      It greatly increases your willpower.
   It has a curse which improves the following skills: Cunning: Dodging and
   Stealth.
   Beguiling: Conjurations, Hexes and Translocations.
 L - a ring of willpower
Wands
 a - a wand of paralysis (24)
 g - a wand of acid (10)
 m - a wand of digging (16)
 s - a wand of mindburst (66)
 w - a wand of flame (16)
 y - a wand of polymorph (12)
 J - a wand of iceblast (6)
Scrolls
 j - a scroll of brand weapon
 o - a scroll of teleportation
 p - 2 scrolls of magic mapping
 q - a scroll of amnesia
 D - 3 scrolls of fog
Potions
 d - a potion of magic
 h - 4 potions of curing
 i - 2 potions of brilliance
 r - a potion of resistance
 v - a potion of flight
 z - a potion of might
 B - a potion of haste
 C - a potion of invisibility
 I - 10 potions of ambrosia
Miscellaneous
 K - a lightning rod (3/4)


   Skills:
 + Level 4.0 Fighting
 + Level 7.4 Maces & Flails
 + Level 6.5(8.9) Dodging
 + Level 5.6(7.9) Stealth
 + Level 3.9(5.2) Shields
 + Level 9.9 Spellcasting
 + Level 1.0(2.3) Conjurations
 + Level 4.3(5.7) Transmutations
 * Level 5.1 Fire Magic
 - Level 5.8 Air Magic
 + Level 10.1(11.6) Poison Magic
 + Level 0.6 Evocations


You had 16 spell levels left.
You knew the following spells:

 Your Spells              Type           Power      Damage    Failure   Level
a - Sting                 Tmut/Pois      100%       1d8       1%          1
b - Poisonous Vapours     Pois/Air       100%       N/A       1%          2
c - Mephitic Cloud        Conj/Pois/Air  49%        N/A       1%          3
d - Sticky Flame          Conj/Fire      33%        2d5       3%          4
o - Olgreb's Toxic Radia  Pois           66%        N/A       1%          4

Your spell library contained the following spells:

 Spells                   Type           Power      Damage    Failure   Level
 Static Discharge         Conj/Air       35%        N/A       1%          2
 Airstrike                Air            22%        N/A       1%          4
 Dazzling Flash           Conj/Hex       40%        N/A       3%          3
 Summon Lightning Spire   Summ/Air       29%        N/A       5%          4
 Lightning Bolt           Conj/Air       17%        1d32      9%          5
 Fireball                 Conj/Fire      16%        3d8       11%         5
 Silence                  Hex/Air        15%        N/A       14%         5
 Dispel Undead            Necr           13%        3d9       17%         4
 Iskenderun's Battlesphe  Conj           26%        2d8       19%         5
 Agony                    Necr           13%        N/A       43%         5
 Conjure Ball Lightning   Conj/Air       17%        3x3d6     43%         6
 Orb of Destruction       Conj           13%        9d6       99%         7


Dungeon Overview and Level Annotations

Branches:
Dungeon (10/15)            Temple (1/1) D:5            Lair (3/6) D:10
  Swamp (0/4) Lair:2       Spider (0/4) Lair:2
    Orc: D:9-12

Altars:
Ashenzari
Cheibriados
Dithmenos
Elyvilon
Fedhas
Gozag
Hepliaklqana
Kikubaaqudgha
Makhleb
Nemelex Xobeh
Okawaru
Qazlal
Ru
Sif Muna
Trog
Uskayaw
Vehumet
Wu Jian
Xom
Yredelemnul
Zin
The Shining One

Shops:
D:10 =

Annotations:
D:4 exclusion: wyvern
D:9 exclusions: ice statue and obsidian statue
Lair:1 Nergalle


Innate Abilities, Weirdness & Mutations

You can breathe blasts of fire.
Your fiery red scales are hard. (AC +8)
You cannot fit into any form of body armour.
Your flesh is heat resistant. (rF+)
You are cold-blooded and may be slowed by cold attacks.


Message History

* * * LOW HITPOINT WARNING * * *
You feel very sick. The cane toad misses you.
Unknown command.
You feel less invigorated.
You feel less confused.
You feel very sick.
The torpor snail looks more healthy.
You block the cane toad's attack. The cane toad closely misses you.
You feel very sick. The cane toad misses you.
You feel sick.
Casting: Sticky Flame (dangerous; 4% risk of failure)
Confirm with . or Enter, or press ? or * to list all spells.
Aiming: Sticky Flame (dangerous; 4% risk of failure)
Press: ? - help, Shift-Dir - straight line, f - cane toad
Aim: a cane toad (severely wounded, 100% to hit)
The sticky flame hits the cane toad.
The cane toad is severely wounded.
The cane toad is covered in liquid flames!
You feel yourself speed up.
You feel sick.
The cane toad burns!
The cane toad barely misses you.
Being near the torpor snail leaves you feeling lethargic.
The cane toad stings you but does no damage.
Press: ? - help, Shift-Dir - straight line, f - torpor snail, p - cane toad
Aim: a torpor snail (heavily wounded)
You breathe a blast of fire.
The fiery breath hits the cane toad!
You kill the cane toad!
The fiery breath hits the torpor snail!
The torpor snail is severely wounded.
You feel sick.
The torpor snail is engulfed in blazing flames.
Your base Conjurations skill increases to level 1!
Casting: Sticky Flame (dangerous; 3% risk of failure)
Confirm with . or Enter, or press ? or * to list all spells.
You begin to radiate toxic energy.
The torpor snail is poisoned.
The torpor snail looks even sicker.
You feel sick.
You are no longer poisoned.
The torpor snail bites you!
You die...

#. ##†#.#.#....
* # ,#
#.##........,, ,
P# # *,
,####....##.....
, ..## *,
##.#......# ....
,...P
#..##...### ...
* * #..
,..##..#...# *,
.. #.<
..##.##..#.## *,
, . ###
#.........☼w## *
#..........#@# *
,*
##......#..###
#####+P#..# ###
#....## ##. ##
#.###.P..## P.#
#. #...#.....#
##.. #.
#.#.#.P...#
*###..## ####.
##.....#...+,
##.....####.#P.
#..#.###...#
...............


You could see a torpor snail (very poisoned).

Vanquished Creatures
  2 hydras
  A two-headed ogre (D:9)
  A deep elf pyromancer (D:10)
  A gargoyle (D:10)
  9 cane toads
  2 komodo dragons
  A jumping spider (Lair:2)
  A queen bee (Lair:1)
  A polar bear (Lair:1)
  2 trolls
  Grinder (D:6)
  5 blink frogs (Lair:1)
  2 redbacks (Lair:2)
  4 wyverns
  Grum (D:10)
  28 yaks
  3 steam dragons
  4 vampire mosquitoes (D:8)
  Edmund (D:6)
  An acid dragon (D:8)
  A swamp worm (Lair:2)
  Duvessa (D:6)
  11 water moccasins
  A black bear (Lair:1)
  2 orc warriors
  An ice beast (D:3)
  2 necrophages
  2 sky beasts (D:7)
  10 wolves
  An ogre (D:5)
  2 centaurs
  3 kobold brigands (D:8)
  8 bullfrogs
  7 scorpions
  A wyvern skeleton (D:7)
  Dowan (D:6)
  30 killer bees
  5 wights (D:9)
  2 electric eels (D:6)
  4 howler monkeys
  A bullfrog zombie (D:7)
  A centaur skeleton (D:7)
  4 hounds
  2 jellies
  3 orc priests
  Terence (D:3)
  Ijyb (D:3)
  2 iguanas
  5 orc wizards
  2 hound skeletons (D:4)
  2 adders
  13 gnolls
  A white imp (D:7)
  An ufetubus (D:7)
  2 dart slugs
  25 orcs
  9 ball pythons
  2 endoplasms
  2 giant cockroaches
  3 goblins
  6 hobgoblins
  21 kobolds
  2 quokkas
  10 bats
  A frilled lizard (D:1)
  7 rats
  A spectral orc (D:9)
296 creatures vanquished.

Vanquished Creatures (others)
  4 bushes (D:10)
  10 fungi
  54 plants
68 creatures vanquished.

Grand Total: 364 creatures vanquished

Notes
Turn   | Place    | Note
-------+----------+-------------------------------------------
     0 | D:1      | omil the Draconian Venom Mage began the quest for the Orb.
     0 | D:1      | Reached XP level 1. HP: 14/14 MP: 3/3
   257 | D:1      | Reached XP level 2. HP: 18/20 MP: 0/5
   360 | D:1      | Learned a level 2 spell: Poisonous Vapours
   863 | D:2      | Reached XP level 3. HP: 26/26 MP: 3/6
  1109 | D:2      | Found a faded altar of an unknown god.
  1511 | D:2      | Reached XP level 4. HP: 33/33 MP: 4/8
  2169 | D:3      | Noticed Terence
  2196 | D:3      | Killed Terence
  2557 | D:3      | Found a glowing golden altar of the Shining One.
  2621 | D:3      | Reached skill level 4 in Poison Magic
  2646 | D:3      | Reached XP level 5. HP: 38/38 MP: 7/9
  2879 | D:3      | Noticed an ice beast
  2929 | D:3      | Noticed Ijyb
  2949 | D:3      | Killed Ijyb
  2951 | D:3      | Reached skill level 1 in Air Magic
  2991 | D:3      | Killed an ice beast
  2992 | D:3      | Reached XP level 6. HP: 32/45 MP: 11/11
  3146 | D:3      | Found a sparkling altar of Nemelex Xobeh.
  3986 | D:4      | Your scales start taking on a fiery red colour.
  3986 | D:4      | Reached XP level 7. HP: 50/50 MP: 7/13
  3986 | D:4      | Gained mutation: Your flesh is heat resistant. (rF+) [Red
                  | Draconian growth]
  4091 | D:4      | Noticed a wyvern
  4299 | D:4      | Found an ornate altar of the Wu Jian Council.
  4549 | D:4      | Reached skill level 1 in Maces & Flails
  4549 | D:4      | Reached skill level 5 in Poison Magic
  5023 | D:4      | Learned a level 3 spell: Mephitic Cloud
  5064 | D:5      | Entered Level 5 of the Dungeon
  5180 | D:5      | Reached skill level 5 in Spellcasting
  5180 | D:5      | Reached XP level 8. HP: 57/57 MP: 11/15
  5203 | D:5      | Found a staircase to the Ecumenical Temple.
  5226 | Temple   | Entered the Ecumenical Temple
  5283 | Temple   | Became a worshipper of Ashenzari the Shackled
  5283 | Temple   | Identified a scroll of acquirement
  5284 | Temple   | Acquired a +2 buckler of cold resistance
  5987 | D:5      | Found a hazy altar of Hepliaklqana.
  6208 | D:6      | Noticed Duvessa
  6208 | D:6      | Noticed Dowan
  6229 | D:6      | Killed Dowan
  6236 | D:6      | Killed Duvessa
  6634 | D:6      | Noticed Grinder
  6757 | D:6      | Paralysed by Grinder for 6 turns
  6768 | D:6      | Killed Grinder
  7048 | D:6      | Reached skill level 1 in Fighting
  7441 | D:6      | Noticed Edmund
  7469 | D:6      | Killed Edmund
  7812 | D:7      | Reached XP level 9. HP: 64/64 MP: 17/17
  8037 | D:7      | Reached skill level 5 in Air Magic
  8144 | D:7      | Reached skill level 1 in Shields
  8144 | D:7      | Reached skill level 6 in Poison Magic
  8894 | D:8      | Noticed a troll
  8904 | D:8      | Killed a troll
 10069 | D:9      | Reached XP level 10. HP: 73/73 MP: 19/19
 10074 | D:9      | Learned a level 4 spell: Olgreb's Toxic Radiance
 10098 | D:9      | Found an opulent altar of Gozag.
 10106 | D:9      | Found an ancient bone altar of Kikubaaqudgha.
 10367 | D:9      | Reached skill level 7 in Poison Magic
 10626 | D:9      | Noticed an obsidian statue
 10675 | D:9      | Found a basalt altar of Yredelemnul.
 10918 | D:9      | Noticed a two-headed ogre
 10927 | D:9      | Killed a two-headed ogre
 10979 | D:9      | Reached skill level 5 in Dodging
 11032 | D:9      | Noticed an ice statue
 11273 | D:10     | Entered Level 10 of the Dungeon
 11423 | D:10     | Reached skill level 5 in Maces & Flails
 11457 | D:10     | Reached skill level 5 in Stealth
 11479 | D:10     | Noticed Grum
 11489 | D:10     | Killed Grum
 11701 | D:10     | Noticed a deep elf pyromancer
 11706 | D:10     | Killed a deep elf pyromancer
 11781 | D:10     | Noticed a gargoyle
 11785 | D:10     | Found Tiecwyag's Jewellery Emporium.
 11800 | D:10     | Killed a gargoyle
 12056 | D:10     | Reached XP level 11. HP: 62/81 MP: 17/22
 12066 | D:10     | Reached skill level 8 in Poison Magic
 12300 | D:10     | Found a staircase to the Lair.
 12536 | D:10     | Bought the ring of the Mage {Wiz Will++ Int+3} for 620 gold
                  | pieces
 12536 | D:10     | Found the ring of the Mage {Wiz Will++ Int+3}
 12656 | Lair:1   | Entered Level 1 of the Lair of Beasts
 13182 | Lair:1   | Noticed Nergalle
 13384 | Lair:1   | Reached skill level 9 in Poison Magic
 14474 | Lair:2   | Reached XP level 12. HP: 89/89 MP: 19/25
 14493 | Lair:2   | Learned a level 4 spell: Sticky Flame
 14512 | Lair:2   | Reached skill level 1 in Fire Magic
 14532 | Lair:2   | Found a hole to the Spider Nest.
 14583 | Lair:2   | Reached * piety under Ashenzari
 15382 | Lair:2   | Noticed a four-headed hydra
 15406 | Lair:2   | Killed a four-headed hydra
 15407 | Lair:2   | Reached skill level 10 in Poison Magic
 15621 | Lair:2   | Found a staircase to the Swamp.
 15672 | Lair:2   | Noticed an eight-headed hydra
 15986 | Lair:3   | Noticed a six-headed hydra
 16000 | Lair:3   | Killed a six-headed hydra
 16295 | Lair:3   | Reached ** piety under Ashenzari
 16331 | Lair:3   | Reached skill level 5 in Fire Magic
 16343 | Lair:3   | Reached skill level 1 in Conjurations
 16343 | Lair:3   | Slain by a torpor snail

Illustrated notes

Levels and vault maps discovered:
D:1:      minmay_arrival_solitary_statue, layout_rooms
D:2:      layout_basic, shapermc_ecumenical_altar_mp_urbaneastern
D:3:      layout_loops_ring, nemelex_dance_club_becter,
          nicolae_tso_carved_into_rock, serial_bayou, serial_bayou_shore_a,
          serial_bayou_pond_a, serial_bayou_pond_a, serial_bayou_pond_b,
          uniq_terence, uniq_ijyb
D:4:      layout_basic, mainiacjoe_overflow_boulevard
D:5:      layout_loops_ring, lemuel_doored_altar, minmay_temple_entry_statues
D:6:      layout_loops_corners, serial_bayou, serial_bayou_pond_c,
          serial_bayou_pond_c, serial_bayou_pond_c, serial_bayou_lagoon_a,
          serial_bayou_crossing, uniq_duvessa, uniq_grinder, uniq_edmund
D:7:      layout_loops_ring
D:8:      layout_loops_ring
D:9:      minmay_separated_statues, layout_gridville,
          yredelemnul_forgotten_temple_becter, grunt_temple_overflow_open
D:10:     layout_roguey, minmay_lair_entry_grove, serial_shops, shop_statue,
          uniq_grum
Temple:   regret_index_temple_generic_petals
Lair:1:   layout_misc_corridors, special_room [special_room_bee],
          grunt_megastairs_5, uniq_nergalle
Lair:2:   layout_roguey, palyth_hydra_swamp_entry, spider_nest_entry_a,
          beast_lair_carwin_4
Lair:3:   layout_roguey, beast_lair_carwin_10

Skill      XL: |  1  2  3  4  5  6  7  8  9 10 11 12 |
---------------+-------------------------------------+-----
Dodging        | 2 3 4 5 6 |  6.5
Transmutations | 2 3 4 |  4.3
Spellcasting   | 3 4 5 6 7 9 |  9.9
Stealth        | 2 3 4 5 |  5.6
Poison Magic   | 4 5 6 7 9 10 | 10.1
Air Magic      | 1 2 3 4 5 |  5.8
Maces & Flails | 1 3 4 6 7 |  7.4
Fighting       | 1 2 3 4 |  4.0
Shields        | 1 3 |  3.9
Fire Magic     | 5 |  5.1
Conjurations   | 1 |  1.0
Evocations     | |  0.6

Action                   |  1- 3 |  4- 6 |  7- 9 | 10-12 || total
-------------------------+-------+-------+-------+-------++-------
Melee: Unarmed           |     4 |     1 |       |       ||     5
       Club              |       |    28 |   180 |   288 ||   496
       Tailslap          |       |     4 |    25 |    37 ||    66
 Cast: Sting             |    53 |    46 |    25 |     5 ||   129
       Poisonous Vapours |       |    34 |    35 |     8 ||    77
       Olgreb's Toxic Ra |       |       |       |    64 ||    64
       Mephitic Cloud    |       |       |       |     1 ||     1
       Sticky Flame      |       |       |       |     5 ||     5
Invok: Curse Item        |       |       |     1 |     2 ||     3
 Abil: Breathe Fire      |       |       |    27 |    21 ||    48
Evoke: Wand              |       |       |       |     3 ||     3
       Lightning rod     |       |       |       |     2 ||     2
  Use: Scroll            |       |     7 |     2 |     5 ||    14
       Potion            |       |     1 |     1 |     2 ||     4
 Stab: Sleeping          |       |     1 |     4 |     5 ||    10
       Distracted        |       |       |     6 |     2 ||     8
       Confused          |       |       |       |     1 ||     1
Armor: Skin              |    26 |    10 |    52 |    96 ||   184
Dodge: Dodged            |    45 |    30 |    96 |   166 ||   337
Block: Buckler           |       |       |    41 |    80 ||   121

Table legend: (Time is in decaauts)
 A = Elapsed time spent in this place.
 B = Non-inter-level travel time spent in this place.
 C = Inter-level travel time spent in this place.
 D = Time resting spent in this place.
 E = Time spent auto-exploring this place.
 F = Levels seen in this place.
 G = Mean time per level.
                   A        B        C        D        E       F      G
               +--------+--------+--------+--------+--------+-----+--------+
         Total |  16461 |  15761 |    700 |    389 |  12959 |  14 | 1175.8 |
       Dungeon |  12534 |  11964 |    570 |    389 |   9662 |  10 | 1253.4 |
        Temple |    228 |    193 |     35 |      0 |    174 |   1 |  228.0 |
          Lair |   3698 |   3605 |     93 |      0 |   3123 |   3 | 1232.7 |
               +--------+--------+--------+--------+--------+-----+--------+

Top non-repeatable levels by time:
  Lair:2: 1744 daAuts
     D:6: 1600 daAuts
     D:2: 1596 daAuts
     D:8: 1449 daAuts
     D:9: 1437 daAuts
  Lair:1: 1423 daAuts
     D:3: 1371 daAuts
     D:4: 1368 daAuts
    D:10: 1178 daAuts
     D:7: 956 daAuts
     D:5: 812 daAuts
     D:1: 762 daAuts
  Lair:3: 530 daAuts
  Temple: 228 daAuts
